 Dungeon Crawl Stone Soup version 0.28.0-45-g0d030f2227 (webtiles) character file.

Game seed: 11390280694100393470

17565 Baraka the Basher (level 12, -4/100 HPs)
             Began as a Yellow Draconian Fighter on Apr 15, 2022.
             Was a High Priest of Nemelex Xobeh.
             Slain by a two-headed ogre
             ... wielding a +0 giant club of flaming
              (8 damage)
             ... in a volcano.
             The game lasted 01:20:42 (12551 turns).

Baraka the Basher (Yellow Draconian Fighter)       Turns: 12551, Time: 01:20:57

Health: -4/100     AC: 11    Str: 22    XL:     12   Next: 20%
Magic:  0/20       EV: 15    Int: 12    God:    Nemelex Xobeh [*****.]
Gold:   1091       SH:  9    Dex: 15    Spells: 12/21 levels left

rFire   . . .      SeeInvis .   j - +9 flail of Mayhem {pain, *Slow rElec rN+ Dex+4}
rCold   + . .      Faith    .   b - +3 buckler
rNeg    + . .      Spirit   +   (armour unavailable)
rPois   .          Reflect  .   (helmet restricted)
rElec   +          Harm     .   n - +2 cloak
rCorr   +          Rampage  .   (no gloves)
Will    .....                   (no boots)
Stlth   ++........              y - amulet of guardian spirit
HPRegen 0.26/turn               x - ring "Qaihibb" {rC+ Str+2}
MPRegen 0.17/turn               d - ring of wizardry

@: short of breath, marked, very slow
A: spit acid, AC +8, unfitting armour, cold-blooded, acid resistance
a: Breathe Acid, Renounce Religion, Draw Escape, Draw Destruction, Draw
Summoning, Triple Draw, Deal Four, Stack Five


You were in a volcano.
You worshipped Nemelex Xobeh.
Nemelex Xobeh was extremely pleased with you.
You visited 2 branches of the dungeon, and saw 12 of its levels.
You also visited: Bailey and Volcano.

You collected 1281 gold pieces.
You spent 190 gold pieces at shops.

Inventory:

Hand Weapons
 j - the +9 flail of Mayhem (weapon) {pain, *Slow rElec rN+ Dex+4}
   (You found it on level 2 of the Dungeon)

   In the hands of one skilled in necromantic magic, it inflicts extra damage on
   living creatures.
   Dex:       It affects your dexterity (+4).
   rElec:     It insulates you from electricity.
   rN:        It protects you from negative energy.
   *Slow:     It may slow you when you take damage.
Missiles
 c - a curare-tipped dart
 f - 125 bolts
 o - 8 atropa-tipped darts (quivered)
 s - 29 boomerangs
 u - a throwing net
Armour
 b - a +3 buckler (worn)
 n - a +2 cloak (worn)
 t - a scarf of resistance
 D - a +0 chain mail
Jewellery
 a - a +6 ring of strength
 d - a ring of wizardry (right hand)
 e - a ring of poison resistance
 x - the ring "Qaihibb" (left hand) {rC+ Str+2}
   (You found it on level 7 of the Dungeon)

   [ring of protection from cold]

   Str:       It affects your strength (+2).
   rC:        It protects you from cold.
 y - an amulet of guardian spirit (around neck)
 F - a +6 ring of intelligence
 H - a ring of protection from fire
Wands
 h - a wand of iceblast (1)
 A - a wand of paralysis (4)
 B - a wand of flame (3)
Scrolls
 g - 4 scrolls of vulnerability
 C - a scroll of enchant weapon {unknown}
 E - a scroll of silence {unknown}
 I - 2 scrolls of immolation {unknown}
 J - a scroll of teleportation
Potions
 i - a potion of brilliance {unknown}
 k - 3 potions of haste {unknown}
 l - a potion of lignification
 m - 2 potions of flight
 p - 4 potions of attraction
 q - 3 potions of curing
 r - 3 potions of degeneration {unknown}
 v - a potion of berserk rage {unknown}
 w - a potion of might
 z - 2 potions of invisibility {unknown}
 G - a potion of heal wounds {unknown}


   Skills:
 * Level 7.5 Fighting
 - Level 2.3(6.5) Axes
 * Level 9.7(9.8) Maces & Flails
 * Level 5.4 Throwing
 * Level 7.3 Dodging
 * Level 5.3 Stealth
 * Level 6.1 Shields
 * Level 5.4 Spellcasting
 + Level 0.1 Conjurations
 + Level 0.2 Hexes
 * Level 5.6 Summonings
 + Level 0.5 Transmutations
 + Level 0.3 Fire Magic
 * Level 2.3 Air Magic
 + Level 1.9 Poison Magic
 * Level 6.7 Invocations
 + Level 1.0 Evocations


You had 12 spell levels left.
You knew the following spells:

 Your Spells              Type           Power      Damage    Failure   Level
a - Mephitic Cloud        Conj/Pois/Air  6%         N/A       16%         3
b - Summon Guardian Gole  Hex/Summ       10%        N/A       9%          3
c - Ignite Poison         Fire/Tmut/Pois 5%         N/A       21%         3

Your spell library contained the following spells:

 Spells                   Type           Power      Damage    Failure   Level
 Summon Small Mammal      Summ           64%        N/A       1%          1
 Call Canine Familiar     Summ           16%        N/A       2%          3
 Freezing Cloud           Conj/Ice/Air   2%         6-21      86%         5


Dungeon Overview and Level Annotations

Branches:
Dungeon (10/15)            Temple (0/1) D:5            Lair (2/6) D:10
 Bailey (visited)         Volcano (1/1)
  Swamp: Lair:2-4    Shoals: Lair:2-4     Snake: Lair:2-4    Spider: Lair:2-4
    Orc: D:9-12

Altars:
Elyvilon
Kikubaaqudgha
Nemelex Xobeh
Qazlal
Uskayaw
Vehumet
Wu Jian
Xom

Shops:
D:1 [*[[   D:7 *

Annotations:
D:4 1 transporter


Innate Abilities, Weirdness & Mutations

You can spit globs of acid.
Your golden yellow scales are hard. (AC +8)
You cannot fit into any form of body armour.
You are cold-blooded and may be slowed by cold attacks.
You are resistant to acid. (rCorr)


Message History

The two-headed ogre hits you with a +1 great mace of flaming!
The two-headed ogre burns you.
You swap places.
The centaur shoots an arrow.
The arrow hits your ynoxinul. The arrow burns your ynoxinul.
The hell hound splashes around in the water.
Your rakshasa splashes around in the water.
Your ynoxinul hits the two-headed ogre.
The centaur shoots an arrow.
The arrow barely misses your ynoxinul. The arrow hits you! The arrow burns you.
The hell hound splashes around in the water.
The two-headed ogre hits you with a +0 giant club of flaming!!
The two-headed ogre burns you! You block the two-headed ogre's attack.
Your ynoxinul hits the two-headed ogre.
Your rakshasa hits the two-headed ogre with a +0 long sword!
The centaur shoots an arrow.
The arrow hits your ynoxinul. The arrow burns your ynoxinul.
The hell hound bites your rakshasa.
The centaur shoots an arrow.
The arrow hits your ynoxinul. The arrow burns your ynoxinul.
The salamander hits you from afar with a +1 vampiric trident!
* * * LOW HITPOINT WARNING * * *
You are engulfed in flames!
* * * LOW HITPOINT WARNING * * *
The hell hound barely misses your rakshasa.
Your ynoxinul gestures.
Your rakshasa closely misses the hell hound.
The centaur shoots an arrow.
The arrow barely misses your ynoxinul. The arrow hits you.
* * * LOW HITPOINT WARNING * * *
The arrow burns you.
* * * LOW HITPOINT WARNING * * *
The salamander hits you but does no damage.
The hell hound splashes around in the water.
You feel better.
Your ynoxinul hits the two-headed ogre.
Your rakshasa splashes around in the water.
The centaur shoots an arrow.
The arrow hits your ynoxinul! The arrow burns your ynoxinul.
The two-headed ogre barely misses you.
The two-headed ogre hits you with a +1 great mace of flaming!
* * * LOW HITPOINT WARNING * * *
The two-headed ogre burns you!
You die...
Your body disappears without a glow.

#####...##+##...##### #
##...##.# ##.##...# #.
#..!..#.# #.#..... #..
.....#.# #.#..... #..#
...##.## ##.##[..#
#...##5##...#####...##)##
≈#.....cN.5...........))..
≈≈≈≈.≈h≈3≈≈≈.≈≈≈..≈≈≈.≈≈≈≈
≈≈≈.≈≈≈RO@5≈≈≈≈≈≈≈≈≈≈.≈.≈≈
≈≈≈≈≈≈≈≈≈≈≈≈≈≈≈≈≈≈≈≈≈≈≈≈≈≈
≈≈≈≈≈≈≈≈≈≈≈≈≈≈≈≈≈≈≈≈≈≈≈≈≈≈
≈≈≈≈≈≈≈≈≈≈≈≈≈≈≈≈≈≈≈≈≈≈≈≈≈≈
≈≈≈≈≈≈≈≈≈≈≈≈≈≈≈≈≈≈≈≈≈≈≈≈≈≈
≈≈≈≈≈≈≈≈≈≈≈≈≈≈≈≈≈≈≈≈≈≈≈≈≈≈
≈≈≈≈≈≈≈≈≈≈≈≈≈≈≈≈≈≈≈≈≈≈≈≈≈≈
≈≈≈≈≈≈≈≈≈≈≈≈≈≈≈≈≈≈≈≈≈≈≈≈≈≈


You could see a salamander, a two-headed ogre (ally target), a hell hound (ally
target), a centaur, a friendly rakshasa (summoned), a friendly ynoxinul
(summoned) and 3 friendly ufetubi.

Vanquished Creatures
  A hydra (Lair:1)
  Pikel (D:7)
  A faun (D:9)
  A salamander (Volcano)
  A black mamba (Lair:1)
  Maggie (D:6)
  3 cane toads
  2 rime drakes
  A hornet (D:8)
  2 wyverns
  A human (D:6)
  A fire bat (Volcano)
  A basilisk (Lair:1)
  23 yaks
  A hog (Lair:1)
  7 water moccasins
  A hell hound (Volcano)
  3 sky beasts
  3 orc warriors
  An ice beast (D:7)
  An ogre (D:7)
  2 black bears
  A necrophage (D:4)
  2 wolves (Lair:1)
  A boggart (D:6)
  5 centaurs
  A phantom (D:5)
  8 kobold brigands
  5 bullfrogs
  3 scorpions
  13 killer bees
  A water moccasin skeleton (D:4)
  3 wights (D:5)
  A howler monkey (D:9)
  2 hounds (D:5)
  5 centaur zombies
  A bullfrog skeleton (D:5)
  A centaur skeleton (D:7)
  A jelly (D:7)
  3 orc priests
  4 orc wizards
  2 iguanas
  A killer bee zombie (D:9)
  4 gnolls (D:2)
  A howler monkey skeleton (D:7)
  11 adders
  A river rat (D:8)
  A shadow imp (D:7)
  2 white imps
  2 worms
  14 orcs
  7 endoplasms
  A giant cockroach (D:3)
  9 goblins
  11 hobgoblins
  3 jackals (D:1)
  5 quokkas
  5 ball pythons
  12 bats
  2 frilled lizards (D:2)
  29 kobolds
  3 rats
246 creatures vanquished.

Vanquished Creatures (collateral kills)
  A fire dragon (Lair:1)
  A salamander (Volcano)
  Joseph (D:9)
  A cane toad (Lair:1)
  A queen bee (Lair:1)
  A fire bat (Volcano)
  A basilisk (Lair:1)
  5 yaks
  3 vampire mosquitoes (D:10)
  An orc warrior (D:5)
  2 centaurs
  3 wolves (Lair:1)
  A phantom (D:6)
  A wight (D:5)
  A jelly (D:6)
  An orc priest (D:6)
  An orc wizard (D:3)
  2 adders (D:4)
  An orc (D:5)
  An endoplasm (D:3)
  3 kobolds (D:6)
33 creatures vanquished.

Vanquished Creatures (others)
  An orc warrior (D:9)
  A killer bee (D:8)
  3 fungi
  12 plants
17 creatures vanquished.

Grand Total: 296 creatures vanquished

Notes
Turn   | Place    | Note
-------+----------+-------------------------------------------
     0 | D:1      | Baraka the Draconian Fighter began the quest for the Orb.
     0 | D:1      | Reached XP level 1. HP: 19/19 MP: 1/1
    78 | D:1      | Found Pafug's Antique Armour Boutique.
   110 | D:1      | Reached XP level 2. HP: 13/26 MP: 2/2
   122 | D:1      | Found Leysaop's General Store.
   157 | D:1      | Found Wianaon's Antique Armour Boutique.
   194 | D:1      | Found Fenneis's Antique Armour Boutique.
   248 | D:1      | Found a faded altar of an unknown god.
   257 | D:1      | Prayed at the altar of an unknown god.
   257 | D:1      | Became a worshipper of Nemelex Xobeh the Trickster
   257 | D:1      | Reached * piety under Nemelex Xobeh
   264 | D:1      | Found a faded altar of an unknown god.
   812 | D:1      | Received a gift from Nemelex Xobeh
   839 | D:1      | Reached XP level 3. HP: 30/31 MP: 3/3
  1000 | D:2      | Identified the +9 flail of Mayhem {pain, *Slow rElec rN+
                  | Dex+4}
  1128 | D:2      | HP: 1/33 [gnoll/+0 halberd (12)]
  1131 | D:2      | Reached XP level 4. HP: 2/40 MP: 4/4
  1135 | D:2      | You fall into a shaft and drop 2 floors!
  1482 | D:4      | Reached skill level 1 in Maces & Flails
  1482 | D:4      | Reached skill level 1 in Stealth
  1482 | D:4      | Reached skill level 1 in Invocations
  1623 | D:3      | Reached XP level 5. HP: 46/46 MP: 5/5
  1699 | D:3      | Reached ** piety under Nemelex Xobeh
  1699 | D:3      | Received a gift from Nemelex Xobeh
  1726 | D:2      | Reached skill level 2 in Maces & Flails
  1921 | D:2      | Found a shimmering altar of Xom.
  2039 | D:2      | Noticed a neqoxec
  2260 | D:3      | Found a hide-covered altar of Uskayaw.
  2559 | D:3      | Found an ancient bone altar of Kikubaaqudgha.
  2569 | D:3      | Reached XP level 6. HP: 52/52 MP: 7/7
  3112 | D:4      | Identified the +2 trident "Tacwain" {vorpal, rF+ Str+2}
  3119 | D:4      | Found a sparkling altar of Nemelex Xobeh.
  3119 | D:4      | Found a transporter.
  3120 | D:4      | Noticed a water moccasin
  3317 | D:4      | Reached skill level 3 in Maces & Flails
  3735 | D:4      | Learned a level 1 spell: Summon Small Mammal
  3760 | D:5      | Entered Level 5 of the Dungeon
  3810 | D:5      | Your scales start taking on a golden yellow colour.
  3810 | D:5      | Reached XP level 7. HP: 60/60 MP: 8/8
  3810 | D:5      | Gained mutation: You are resistant to acid. (rCorr) [Yellow
                  | Draconian growth]
  4170 | D:5      | Found a staircase to the Ecumenical Temple.
  4288 | D:5      | Reached skill level 1 in Throwing
  4355 | D:5      | Reached skill level 4 in Maces & Flails
  4355 | D:5      | Reached skill level 1 in Summonings
  4387 | D:5      | Reached skill level 1 in Spellcasting
  4539 | D:5      | Reached *** piety under Nemelex Xobeh
  4555 | D:5      | Reached XP level 8. HP: 67/67 MP: 10/10
  5116 | D:6      | Noticed Maggie
  5177 | D:6      | Identified the -1 long sword "Azuiczasm" {freeze, rPois
                  | Int+2}
  5188 | D:6      | Killed Maggie
  5189 | D:6      | Reached skill level 5 in Fighting
  5189 | D:6      | Reached skill level 5 in Maces & Flails
  5495 | D:6      | Received a gift from Nemelex Xobeh
  5593 | D:6      | Found a radiant altar of Vehumet.
  5614 | D:6      | Reached XP level 9. HP: 30/74 MP: 10/12
  5618 | D:6      | Learned a level 3 spell: Summon Guardian Golem
  5635 | D:6      | Reached skill level 5 in Dodging
  5664 | D:6      | Reached skill level 6 in Maces & Flails
  6255 | D:7      | Reached skill level 5 in Shields
  6521 | D:7      | Identified the ring "Qaihibb" {rC+ Str+2}
  6548 | D:7      | Found a white marble altar of Elyvilon.
  6643 | D:7      | Reached skill level 7 in Maces & Flails
  6788 | D:7      | Found Othryuch's Elemental Accessories.
  6795 | D:7      | Noticed Pikel
  6869 | D:7      | Learned a level 3 spell: Mephitic Cloud
  6873 | D:7      | Learned a level 3 spell: Ignite Poison
  6959 | D:7      | Killed Pikel
  6960 | D:7      | Reached XP level 10. HP: 71/84 MP: 9/14
  6986 | D:7      | Bought a wand of iceblast (7) for 110 gold pieces
  6986 | D:7      | Bought a wand of flame (14) for 80 gold pieces
  7055 | D:7      | Received a gift from Nemelex Xobeh
  7239 | D:8      | Reached **** piety under Nemelex Xobeh
  7248 | D:8      | Found a flagged portal.
  7283 | Bailey   | Entered a bailey
  7283 | Bailey   | Received a gift from Nemelex Xobeh
  7641 | Bailey   | Found an iron altar of Okawaru.
  8138 | D:8      | Found a stormy altar of Qazlal.
  8322 | D:8      | Reached skill level 8 in Maces & Flails
  8343 | D:8      | Reached skill level 5 in Invocations
  9152 | D:9      | Received a gift from Nemelex Xobeh
  9174 | D:9      | Found a shimmering altar of Xom.
  9290 | D:9      | Noticed Joseph
  9505 | D:9      | Killed Joseph
  9937 | D:9      | Noticed a two-headed ogre
  9959 | D:9      | Reached skill level 1 in Air Magic
  9966 | D:9      | Noticed a faun
  9966 | D:9      | a two-headed ogre changed into a faun
  9973 | D:9      | Killed a faun
  9974 | D:9      | Reached XP level 11. HP: 84/91 MP: 17/17
  9988 | D:9      | Reached ***** piety under Nemelex Xobeh
 10353 | D:10     | Entered Level 10 of the Dungeon
 10608 | D:10     | Reached skill level 1 in Poison Magic
 10794 | D:10     | Found a staircase to the Lair.
 10799 | D:10     | Received a gift from Nemelex Xobeh
 10872 | D:10     | Reached skill level 5 in Stealth
 10968 | Lair:1   | Entered Level 1 of the Lair of Beasts
 10968 | Lair:1   | Noticed a five-headed hydra
 10981 | Lair:1   | Killed a five-headed hydra
 11209 | Lair:1   | Reached skill level 5 in Spellcasting
 11272 | Lair:1   | Received a gift from Nemelex Xobeh
 11300 | Lair:1   | Reached skill level 5 in Summonings
 11305 | Lair:1   | Reached skill level 9 in Maces & Flails
 11357 | Lair:1   | Reached skill level 1 in Evocations
 11553 | Lair:1   | Found a hide-covered altar of Uskayaw.
 11553 | Lair:1   | Found an ornate altar of the Wu Jian Council.
 11564 | Lair:1   | Reached skill level 5 in Throwing
 11566 | Lair:1   | Noticed a boulder beetle
 11574 | Lair:1   | Noticed a fire dragon
 11574 | Lair:1   | a boulder beetle changed into a fire dragon
 11578 | Lair:1   | Killed a fire dragon
 11645 | Lair:1   | Received a gift from Nemelex Xobeh
 12045 | Lair:2   | Reached XP level 12. HP: 99/100 MP: 19/19
 12151 | Lair:2   | Received a gift from Nemelex Xobeh
 12347 | Lair:2   | Found a dark tunnel.
 12357 | Volcano  | Entered a volcano
 12541 | Volcano  | Noticed a two-headed ogre
 12545 | Volcano  | Identified the +0 trident of the Glowing Eel {vamp, rN+
                  | Will+ Str+3}
 12551 | Volcano  | HP: 4/100 [two-headed ogre/+0 giant club of flaming (15)]
 12551 | Volcano  | Slain by a two-headed ogre

Illustrated notes

Levels and vault maps discovered:
D:1:      giann_forest_graveyard, layout_basic, serial_shops, shop, shop, shop,
          shop, hellmonk_ecumenical_altar_the_god_not_taken
D:2:      layout_loops_ring, basic_altar
D:3:      layout_loops_ring, nicolae_kikubaaqudgha_miasma_corner,
          mainiacjoe_overflow_concentric_impassable
D:4:      layout_loops_ring, grunt_nemelex_the_gamble
D:5:      black_bear_nest_2, layout_basic, temple_statues
D:6:      layout_rooms, nicolae_vehumet_radiance, uniq_maggie
D:7:      layout_basic, elyvilon_altar_1, st_stairs_6, nicolae_elemental_shop,
          corexii_hall_statues_i, uniq_pikel
D:8:      layout_loops_cross, nicolae_qazlal_general_emergency, enter_bailey_4,
          grunt_ministairs_3
D:9:      layout_long_grid, mainiacjoe_overflow_tiny_flanked,
          minmay_sticks_and_stones
D:10:     layout_loops_ring, lair_entry_dummy, grunt_ministairs_15
Lair:1:   layout_layer_cave, nzn_masters_of_martial_movement,
          grunt_megastairs_2, infiniplex_staircase_pool
Lair:2:   layout_regular_city, lightli_volcano_entry_magma_tube
Volcano:  volcano_village

Skill      XL: |  1  2  3  4  5  6  7  8  9 10 11 12 |
---------------+-------------------------------------+-----
Dodging        | 3 4 5 6 7 |  7.3
Maces & Flails | 1 2 3 4 5 7 8 9 |  9.7
Stealth        | 1 2 3 4 5 |  5.3
Invocations    | 1 2 3 4 5 6 |  6.7
Fighting       | 4 5 6 7 |  7.5
Shields        | 4 5 6 |  6.1
Throwing       | 1 2 3 4 5 |  5.4
Summonings     | 1 2 3 4 5 |  5.6
Spellcasting   | 1 2 3 4 5 |  5.4
Air Magic      | 1 2 |  2.3
Poison Magic   | 1 |  1.9
Evocations     | 1 |  1.0
Axes           | |  2.3
Conjurations   | |  0.1
Hexes          | |  0.2
Transmutations | |  0.5
Fire Magic     | |  0.3

Action                   |  1- 3 |  4- 6 |  7- 9 | 10-12 || total
-------------------------+-------+-------+-------+-------++-------
Melee: War axe           |    88 |       |       |       ||    88
       Tailslap          |     9 |     6 |    16 |    39 ||    70
       Flail             |    12 |    94 |    95 |   229 ||   430
Throw: Dart              |       |     4 |       |    44 ||    48
       Boomerang         |       |       |    42 |    17 ||    59
 Cast: Summon Small Mamm |       |       |     3 |       ||     3
       Ignite Poison     |       |       |     1 |    14 ||    15
       Summon Guardian G |       |       |     1 |     4 ||     5
       Mephitic Cloud    |       |       |       |     4 ||     4
Invok: Draw Destruction  |       |     4 |     3 |    16 ||    23
       Draw Summoning    |       |     3 |     4 |     8 ||    15
       Draw Escape       |       |       |     2 |     4 ||     6
 Abil: Breathe Acid      |       |       |    28 |    31 ||    59
Evoke: Wand              |       |       |       |    21 ||    21
  Use: Scroll            |     2 |     1 |     6 |    11 ||    20
       Potion            |       |       |     4 |     3 ||     7
 Stab: Sleeping          |       |     1 |     1 |     3 ||     5
       Distracted        |       |       |       |     1 ||     1
       Confused          |       |       |       |     1 ||     1
Armor: Skin              |    52 |    33 |    29 |   107 ||   221
Dodge: Dodged            |    92 |    63 |    57 |   233 ||   445
Block: Buckler           |    33 |    20 |    37 |   112 ||   202
